Match 26954742
Unlisted

Match 26954742
End
Vickers Machine Gun Team
Construct Section Command Post
Dingo Light Scout Car
Selects Heavy Armor Battlegroup
Infantry Section
Infantry Section
Construct Platoon Command Post
Selects Rigorous Vehicle Training
Grenade Package
Unlock Bishop Self-propelled Artillery
CMP 15cwt Truck
Infantry Section
Bishop Self-propelled Artillery
6-pounder Anti-tank Gun Team
Infantry Section
Construct Company Command Post
Selects Light Vehicle Withdraw and Refit
Selects Crusader AA Medium Tank
Crusader AA Medium Tank
Crusader AA Medium Tank
Foot Guards Section
Crusader AA Medium Tank
Acer
thefngreek
Piratatuga2
TidaL
J. Pickering
Daedalus
Dull Fork.
Rob
0
0

Comments sign in to comment!

No comments posted yet!